 Dungeon Crawl Stone Soup version 0.28-a0-691-gad6df49e81 (webtiles) character file.

Game seed: 10423084913576167164

201 ytrimaz the Covered (level 6, -8/49 HPs)
             Began as a Formicid Fighter on Oct 22, 2021.
             Mangled by an ogre (25 damage)
             ... on level 4 of the Dungeon.
             The game lasted 00:03:20 (3068 turns).

ytrimaz the Covered (Formicid Fighter)              Turns: 3068, Time: 00:03:20

Health: -8/49      AC:  9    Str: 22    XL:     6   Next: 7%
Magic:  6/6        EV:  8    Int:  8    God:
Gold:   147        SH:  4    Dex: 10    Spells: 5/5 levels left

rFire   . . .      SeeInvis +   a - +0 war axe (vamp)
rCold   . . .      Faith    .   c - +0 buckler
rNeg    . . .      Spirit   .   n - +0 chain mail
rPois   .          Reflect  .   (helmet unavailable)
rElec   .          Harm     .   (no cloak)
rCorr   .          Rampage  .   (no gloves)
Will    +....                   (no boots)
Stlth   ..........              (no amulet)
HPRegen 0.16/turn               i - ring of willpower
MPRegen 0.10/turn               (no ring)

@: mighty
A: permanent stasis, dig shafts and tunnels, antennae 3, four strong arms
a: Dig, Shaft Self


You were on level 4 of the Dungeon.
You visited 1 branch of the dungeon, and saw 4 of its levels.

You collected 147 gold pieces.

Inventory:

Hand Weapons
 a - a +0 vampiric war axe (weapon)
Armour
 c - a +0 buckler (worn)
 n - a +0 chain mail (worn)
Jewellery
 i - a ring of willpower (left hand)
Scrolls
 g - 2 scrolls of teleportation
Potions
 e - 3 potions of invisibility
 h - a potion of curing
 k - a potion of magic
 m - a potion of cancellation {unknown}


   Skills:
 + Level 4.3 Fighting
 + Level 4.1 Axes
 + Level 4.7 Armour
 - Level 3.6 Shields


You had 5 spell levels left.
You didn't know any spells.
Your spell library contained the following spells:

 Spells                   Type           Power      Damage    Failure   Level
 Apportation              Tloc           0%         N/A       98%         1
 Sublimation of Blood     Necr           0%         N/A       99%         2
 Wereblood                Tmut           0%         N/A       99%         2
 Frozen Ramparts          Ice            0%         1d2       100%        3
 Ice Form                 Ice/Tmut       0%         N/A       100%        4
 Summon Ice Beast         Ice/Summ       0%         N/A       100%        4
 Summon Hydra             Summ           0%         N/A       100%        7


Dungeon Overview and Level Annotations

Branches:
Dungeon (4/15)
 Temple: D:4-7

Altars:


Innate Abilities, Weirdness & Mutations

You cannot be hasted, slowed, berserked, paralysed or teleported.
You can dig through walls and to a lower floor.
You have a pair of large antennae on your head. (SInv)
Your four strong arms can wield two-handed weapons with a shield.


Message History

There is a stone staircase leading down here.
You climb downwards.
The goblin shouts!
There is a stone staircase leading up here.
As you read the scroll of identify, it crumbles to dust.
k - a potion of magic A goblin is nearby!
A goblin is nearby!
A goblin is nearby!
Found a stone staircase leading up.
You slash the goblin!
You kill the goblin!
Things that are here:
a +0 dagger; a goblin corpse An ogre comes into view.
It is wielding a +0 giant club.
The ogre shouts!
An ogre is nearby!
You feel very mighty all of a sudden.
You slash the ogre!
The ogre is severely wounded.
The ogre barely misses you.
You barely miss the ogre.
The ogre is heavily wounded.
You block the ogre's attack.
You completely miss the ogre.
The ogre is heavily wounded.
The ogre hits you with a +0 giant club!
You barely miss the ogre.
The ogre is heavily wounded.
The ogre hits you with a +0 giant club!!
Ouch! That really hurt!
* * * LOW HITPOINT WARNING * * *
You slash the ogre!
You feel better.
The ogre is almost dead.
The ogre barely misses you.
You completely miss the ogre.
The ogre is almost dead.
The ogre hits you with a +0 giant club!!
Ouch! That really hurt!
You die...

#.# ## #.# ..
#.# #. #.# #.
##.####### #.
......... #.
###O.......
#.###..@....###
#.<..).........
#..#######<###.
#..# # #..#
...# ##..# #..#
...#


You could see an ogre.

Vanquished Creatures
  Jessica (D:2)
  Terence (D:3)
  An orc wizard (D:3)
  Robin (D:2)
  A gnoll (D:1)
  2 adders (D:2)
  3 worms
  A dart slug (D:3)
  3 orcs (D:3)
  2 ball pythons
  7 endoplasms
  3 giant cockroaches
  13 goblins
  3 hobgoblins
  3 jackals (D:3)
  5 kobolds
  3 quokkas
  7 bats
  5 frilled lizards
  4 rats
  A spectral kobold (D:1)
70 creatures vanquished.

Notes
Turn   | Place    | Note
-------+----------+-------------------------------------------
     0 | D:1      | ytrimaz the Formicid Fighter began the quest for the Orb.
     0 | D:1      | Reached XP level 1. HP: 18/18 MP: 1/1
   271 | D:1      | Reached XP level 2. HP: 24/24 MP: 2/2
   408 | D:1      | Reached XP level 3. HP: 27/30 MP: 3/3
   620 | D:1      | Found a faded altar of an unknown god.
  1044 | D:2      | Noticed Robin
  1233 | D:2      | Killed Robin
  1234 | D:2      | Reached XP level 4. HP: 31/37 MP: 4/4
  1694 | D:2      | Noticed Jessica
  1702 | D:2      | Killed Jessica
  1703 | D:2      | Reached XP level 5. HP: 42/42 MP: 5/5
  1705 | D:2      | Got Jessica's Handbook of the Voyage
  2728 | D:3      | Noticed Terence
  2736 | D:3      | Killed Terence
  2737 | D:3      | Reached XP level 6. HP: 33/49 MP: 6/6
  3059 | D:4      | Noticed an ogre
  3068 | D:4      | Mangled by an ogre

Illustrated notes

Levels and vault maps discovered:
D:1:      ncdulo_halloftheorcs, layout_basic,
          dreamdust_ecumenical_altar_drowned_temple, nrook_campfire,
          amcnicky_mini_pool_small
D:2:      layout_loops_ring, kennysheep_jessica_study, uniq_robin
D:3:      layout_loops_ring, uniq_terence
D:4:      layout_loops_ring, uniq_natasha, uniq_duvessa, uniq_sigmund

Skill      XL: |  1  2  3  4  5 |
---------------+----------------+-----
Armour         | 4 |  4.7
Fighting       | 4 |  4.3
Axes           | 3 4 |  4.1
Shields        | |  3.6

Action                   |  1- 3 |  4- 6 || total
-------------------------+-------+-------++-------
Melee: War axe           |    76 |   140 ||   216
  Use: Scroll            |     3 |     6 ||     9
       Potion            |       |     1 ||     1
Armor: Scale mail        |    37 |    63 ||   100
       Chain mail        |       |     1 ||     1
Dodge: Dodged            |    39 |    59 ||    98
Block: Buckler           |    23 |    30 ||    53

Table legend: (Time is in decaauts)
 A = Elapsed time spent in this place.
 B = Non-inter-level travel time spent in this place.
 C = Inter-level travel time spent in this place.
 D = Time resting spent in this place.
 E = Time spent auto-exploring this place.
 F = Levels seen in this place.
 G = Mean time per level.
                   A        B        C        D        E       F      G
               +--------+--------+--------+--------+--------+-----+--------+
         Total |   3150 |   3131 |     19 |    248 |   2268 |   4 |  787.5 |
       Dungeon |   3150 |   3131 |     19 |    248 |   2268 |   4 |  787.5 |
               +--------+--------+--------+--------+--------+-----+--------+

Top non-repeatable levels by time:
     D:1: 1209 daAuts
     D:2: 1007 daAuts
     D:3: 916 daAuts
     D:4: 16 daAuts
